 Dungeon Crawl Stone Soup version 0.17-a0-1115-g0372368 (webtiles) character file.

74 futacatgirl the Sneak (level 4, -7/38 HPs)
             Began as a Naga Ice Elementalist on May 23, 2015.
             Mangled by a gnoll
             ... wielding a +0 halberd
              (10 damage)
             ... on level 2 of the Dungeon.
             The game lasted 00:10:37 (1905 turns).

futacatgirl the Sneak (Naga Ice Elementalist)       Turns: 1905, Time: 00:10:38

Health: -7/38      AC:  2    Str: 11    XL:     4   Next: 30%
Magic:  5/7        EV: 10    Int: 21    God:
Gold:   38         SH:  0    Dex: 11    Spells: 2 memorised, 3 levels left

rFire  . . .     SeeInvis +     (no weapon)
rCold  + . .     Clarity  .     a - +0 robe
rNeg   . . .     SustAt   .     (no shield)
rPois  +         Gourm    .     (no helmet)
rElec  .         Spirit   .     (no cloak)
rCorr  .         Warding  .     (no gloves)
rMut   .         Stasis   .     (no barding)
MR     .....                    (no amulet)
Stlth  +++.......               (no ring)
                                h - ring of protection from cold {rC+, !d}

@: brilliant, very slow, not resistant to hostile enchantments, fairly stealthy
A: see invisible, deformed body, poison resistance, slowness 2, slow metabolism
1, spit poison 2, AC +1
a: Spit Poison


You were on level 2 of the Dungeon.
You were not hungry.

You visited 1 branch of the dungeon, and saw 3 of its levels.

You collected 38 gold pieces.

Inventory:

Armour
 a - a +0 robe (worn)
 t - a cursed +0 ring mail
   (You found it on level 3 of the Dungeon)
Jewellery
 h - a ring of protection from cold (left hand) {rC+, !d}
   (You found it on level 1 of the Dungeon)
Scrolls
 d - 2 scrolls of enchant armour {unknown}
 e - a scroll of random uselessness {unknown}
 g - 3 scrolls of identify {unknown}
 i - 4 scrolls of remove curse {unknown}
 l - a scroll of blinking {unknown}
 m - a scroll of enchant weapon {unknown}
 n - a scroll of magic mapping {unknown}
 p - a scroll of teleportation {unknown}
Potions
 f - a potion of magic {unknown}
 j - a potion of heal wounds {unknown}
 k - a potion of flight {unknown}
 o - a potion of curing {unknown}
 q - a potion of degeneration {unknown}
 r - a potion of agility {unknown}
 s - a potion of brilliance
Books
 b - a book of Frost
Comestibles
 c - 4 bread rations {@e1}
 u - a beef jerky


   Skills:
 + Level 1.1 Fighting
 + Level 1.8 Dodging
 * Level 4.3 Stealth
 + Level 0.8 Unarmed Combat
 - Level 2.0 Spellcasting
   Level 1.0 Conjurations
 * Level 4.0 Ice Magic


You had 3 spell levels left.
You knew the following spells:

 Your Spells              Type           Power        Failure   Level  Hunger
a - Freeze                Ice            ####         1%          1    #......
A - Ozocubu's Armour      Chrm/Ice       ###.....     2%          3    ###....


Dungeon Overview and Level Annotations

Branches:
Dungeon (3/15)

Altars:


Innate Abilities, Weirdness & Mutations

You cannot wear boots.
Your serpentine skin is tough (AC +1).
You have supernaturally acute eyesight.
Armour fits poorly on your strangely shaped body.
Your system is resistant to poisons.
You cover ground very slowly.
You have a slow metabolism.
You can spit poison.


Message History

You have got your breath back.
The gnoll barely misses you.
There is a stone staircase leading down here.
The gnoll hits you but does no damage.
You climb downwards.
There is a stone staircase leading up here.
You start resting.
You are near starving!
Eat which item? (? for menu, Esc to quit)
You continue eating. x2
You finish eating.
That bread ration really hit the spot!
You start resting.
Health restored: 38; MP restored: 7
Found a shiny ring mail.
i - 4 scrolls labeled ACHINT TOTICHI (gained 1)
A hobgoblin comes into view. It is wielding a club.
Aim: a hobgoblin, wielding a club (resting)
You freeze the hobgoblin.
The hobgoblin shouts!
The hobgoblin hits you with a club.
You take 3 damage, and have 35/38 hp.
You now have 6/7 mp.
Aim: a hobgoblin, wielding a club (moderately wounded)
You freeze the hobgoblin. The hobgoblin hits you with a club.
You take 3 damage, and have 32/38 hp.
You now have 5/7 mp.
Aim: a hobgoblin, wielding a club (almost dead)
You freeze the hobgoblin.
You kill the hobgoblin!
You now have 4/7 mp.
s - 2 fuming orange potions You see here a club.
Memorise Ozocubu's Armour, consuming 3 spell levels and leaving 3?
You start memorising the spell.
You continue memorising.
You continue memorising. x2
You finish memorising.
Spell assigned to 'A'.
Okay, then.
You open the door.
Found a stone staircase leading down.
There is an open door here.
You see here a shiny ring mail.
t - a shiny ring mail A worm comes into view.
There is a stone staircase leading down here.
You see here a beef jerky.
u - a beef jerky MP restored: 7
Aim: a worm You freeze the worm.
You now have 6/7 mp.
Aim: a worm (lightly wounded)
You freeze the worm. The worm closely misses you.
You now have 5/7 mp.
Aim: a worm (heavily wounded)
You freeze the worm.
You now have 4/7 mp.
Aim: a worm (severely wounded)
You freeze the worm.
You kill the worm!
You now have 3/7 mp.
A kobold comes into view.
You found a teleport trap!
The kobold shouts!
Aim: a kobold You freeze the kobold.
You kill the kobold!
You now have 3/7 mp.
Health restored: 38
There is a stone staircase leading up here.
You start resting.
MP restored: 7 You climb upwards.
The gnoll closely misses you. The gnoll barely misses you.
There is a stone staircase leading down here.
The gnoll barely misses you. The gnoll hits you with a halberd.
You climb downwards.
There is a stone staircase leading up here.
You take 4 damage, and have 34/38 hp.
Aim: a gnoll, wielding a halberd You freeze the gnoll.
The gnoll hits you with a halberd of protection.
The gnoll closely misses you.
You take 6 damage, and have 28/38 hp.
You now have 6/7 mp.
Aim: a gnoll, wielding a halberd (heavily wounded)
You freeze the gnoll.
The gnoll hits you with a halberd of protection!
The gnoll hits you with a halberd.
You take 14 damage, and have 14/38 hp.
MASSIVE DAMAGE!!
You now have 5/7 mp.
The gnoll hits you with a halberd of protection!
* * * LOW HITPOINT WARNING * * *
You climb upwards.
There is a stone staircase leading down here.
You take 11 damage, and have 3/38 hp.
MASSIVE DAMAGE!!
Read which item? (? for menu, Esc to quit)
Okay, then.
Drink which item? (? for menu, Esc to quit)
It was a potion of brilliance.
You feel clever all of a sudden. The gnoll hits you with a halberd!
You die...

##.# ###.....#...# ##. #..#
#.........#.# ## #.##
##........##.# #. #.#
#.........##.########.
#.####..................##.
#.#.##.#####..#...#####....
#......#####..##..#####....
#.....###(.................
#.....# #g@.........###....
#....####g..........# .gl<.
#####..............####.##.....
#.......#####........##.#.g..g.
#......)#####......#......#
#......#(..........##...##.....
#...<.##............).#........
#.....#............####.#..##.#
#####.#.......####.####.#.## #


You could see 2 gnolls.

Vanquished Creatures
  A gnoll (D:2)
  An adder (D:2)
  An ooze (D:1)
  A worm (D:3)
  3 giant geckos
  4 bats
  7 goblins
  5 hobgoblins
  3 jackals (D:2)
  7 kobolds
  A ball python (D:1)
  3 giant cockroaches
  2 quokkas (D:2)
  3 rats (D:2)
42 creatures vanquished.

Notes
Turn   | Place    | Note
--------------------------------------------------------------
     0 | D:1      | futacatgirl the Naga Ice Elementalist began the quest for the Orb.
     0 | D:1      | Reached XP level 1. HP: 15/15 MP: 3/3
   311 | D:1      | Reached skill level 1 in Fighting
   311 | D:1      | Reached XP level 2. HP: 15/25 MP: 0/5
   717 | D:1      | Reached XP level 3. HP: 28/31 MP: 4/6
  1647 | D:2      | Reached XP level 4. HP: 38/38 MP: 5/7
  1659 | D:2      | Reached skill level 4 in Stealth
  1659 | D:2      | Reached skill level 4 in Ice Magic
  1826 | D:3      | Learned a level 3 spell: Ozocubu's Armour
  1903 | D:3      | HP: 3/38 [gnoll/halberd of protection (11)]
  1905 | D:2      | Mangled by a gnoll

Vault maps used:
D:1:      dpeg_arrival_simpleton_b
D:3:      nicolae_overflow_crystal_walls, minivault_4,
          minmay_misc_feat_diagonals

Action                   |  1- 3 |  4- 6 || total
-------------------------+-------+-------++-------
Melee: Unarmed           |    47 |       ||    47
 Cast: Freeze            |    51 |    15 ||    66
 Abil: Spit Poison       |     2 |     1 ||     3
  Use: Potion            |       |     1 ||     1
 Stab: Sleeping          |     1 |       ||     1
  Eat: Chunk             |     1 |       ||     1
       Bread ration      |       |     1 ||     1

Vault maps used:
D:1:      dpeg_arrival_simpleton_b
D:3:      nicolae_overflow_crystal_walls, minivault_4,
          minmay_misc_feat_diagonals

Table legend:
 A = Turns spent in this place as a percentage of turns spent in the entire game.
 B = Non-inter-level travel turns spent in this place as a percentage of non-inter-level travel turns spent in the entire game.
 C = Inter-level travel turns spent in this place as a percentage of turns spent in this place.
 D = Turns resting spent in this place as a percentage of non-inter-level travel turns spent in this place.
 E = Turns spent auto-exploring this place as a percentage of non-inter-level travel turns spent in this place.
 F = Non-inter-level travel turns spent in this place divided by the number of levels of this place that you've seen.
                   A       B       C       D       E      F
               +-------+-------+-------+-------+-------+----------------------
         Total | 100.0 | 100.0 |   0.2 |   8.3 |   9.3 | 157.3
       Dungeon | 100.0 | 100.0 |   0.2 |   8.3 |   9.3 | 157.3
               +-------+-------+-------+-------+-------+----------------------

Table legend:
 A = Kills in this place as a percentage of kills in entire the game.
 B = Kills by you in this place as a percentage of kills by you in the entire game.
 C = Kills by friends in this place as a percentage of kills by friends in the entire game.
 D = Other kills in this place as a percentage of other kills in the entire game.
 E = Experience gained in this place as a percentage of experience gained in the entire game.
 F = Experience gained in this place divided by the number of levels of this place that you have seen.
                   A       B       C       D       E      F
               +-------+-------+-------+-------+-------+----------------------
         Total | 100.0 | 100.0 |  -nan |  -nan | 100.0 |  35.7
       Dungeon | 100.0 | 100.0 |  -nan |  -nan | 100.0 |  35.7
               +-------+-------+-------+-------+-------+----------------------
